Description

weak ling attack

Replay - ExCiTeR v Thetawaves - Kairos Junction LE

Build Order

Get SALT Encoding   

  12  0:01  Drone  
  13  0:12  Overlord  
  13  0:17  Drone  
  14  0:31  Drone x2  
  16  0:43  Spawning Pool  
  16  0:45  Extractor  
  16  0:47  Drone x2  
  15  0:56  Drone  
  17  1:17  Hatchery  
  16  1:21  Drone x2  
  18  1:28  Drone  
  19  1:36  Extractor  
  19  1:39  Zergling x2  
  19  1:47  Lair  
  20  2:00  Zergling x2  
  21  2:12  Zergling x2  
  21  2:14  Metabolic Boost  
  22  2:21  Overlord  
  22  2:29  Queen  
  22  2:33  Zergling x4  
  26  2:46  Nydus Network  
  26  2:50  Zergling x2  
  26  2:59  Zergling x6  
  29  3:10  Zergling x2  
  31  3:13  Overlord  
  32  3:22  Nydus Canal  
  34  3:36  Nydus Canal  
Spawning Tool Build Advisor. Get it on Overwolf

Go to:

Details

  • Created by: ftuttle4
  • Published on: Mar 11, 2019
  • Modified on: Mar 11, 2019
  • Patch: 4.7.1
Show
View Real Time Build Order
Export as new Build Order

Comments (0)

There are no comments. Be the first!

Create an account to comment!